 Dungeon Crawl Stone Soup version 0.29-a0-284-gf9362112df (webtiles) character file.

Game seed: 11969782386293488213

35 bande the Covered (level 3, 0/34 HPs)
             Began as a Gargoyle Fighter on Mar 15, 2022.
             Slain by a goblin
             ... wielding a +0 club
              (2 damage)
             ... on level 2 of the Dungeon.
             The game lasted 00:02:20 (1147 turns).

bande the Covered (Gargoyle Fighter)                Turns: 1147, Time: 00:02:21

Health: 0/34       AC: 21    Str: 19    XL:     3   Next: 33%
Magic:  3/3        EV:  2    Int:  8    God:
Gold:   53         SH:  0    Dex: 11    Spells: 2/2 levels left

rFire   . . .      SeeInvis .   a - +0 war axe
rCold   . . .      Faith    .   c - +0 buckler
rNeg    + . .      Spirit   .   (body armour currently unavailable)
rPois   ∞          Reflect  .   (helmet currently unavailable)
rElec   .          Harm     .   (cloak currently unavailable)
rCorr   .          Rampage  .   (gloves currently unavailable)
Will    .....      NoTele   +   (boots currently unavailable)
Stlth   +.........              (no amulet)
HPRegen 0.11/turn               (no ring)
MPRegen 0.08/turn               (no ring)

@: confused, tree-form, hasted, very quick
A: stationary, stasis, torment immunity, boosted hp, sickness immunity, AC +3,
negative energy resistance 1, (electricity resistance), torment resistance 1,
petrification resistance
a: no special abilities


You were on level 2 of the Dungeon.
You were a tree.
You visited 1 branch of the dungeon, and saw 2 of its levels.

You collected 53 gold pieces.

Inventory:

Hand Weapons
 a - a +0 war axe (weapon)
Armour
 b - a +0 scale mail (melded)
 c - a +0 buckler (worn)
Jewellery
 h - a ring of magical power
Potions
 d - a potion of might


   Skills:
 + Level 3.6 Fighting
 + Level 2.2 Axes
 + Level 3.8 Armour
 + Level 3.6 Shields


You had 2 spell levels left.
You didn't know any spells.
Your spell library contained the following spells:

 Spells                   Type           Power      Damage    Failure   Level
 Conjure Flame            Conj/Fire      0%         6-21      86%         3
 Ignite Poison            Fire/Tmut/Pois 0%         N/A       86%         3
 Sticky Flame             Conj/Fire      0%         2d3       99%         4


Dungeon Overview and Level Annotations

Branches:
Dungeon (2/15)

Altars:


Innate Abilities, Weirdness & Mutations

You are a tree.
Your roots penetrate the ground, keeping you stationary.
You cannot be teleported.
You are immune to unholy pain and torment.
Your maximum health is greatly increased.
Your equipment is partially melded.
You are immune to sickness and miasma.
((Your stone body is resilient. (AC +3)))
You are immune to poison.
You resist negative energy. (rN+)
((You are resistant to electric shocks. (rElec)))
You are resistant to unholy torment.
You are immune to petrification.


Message History

You slash the orc!
You kill the orc!
You miss something.
The goblin shoots a sling bullet.
The sling bullet hits you but does no damage.
Unknown command.
You cannot move.
You cannot move.
You cannot move.
You hear some strange, mumbled words.
You are confused.
Something hits you but does no damage.
The goblin shoots a sling bullet.
The sling bullet hits you but does no damage.
Something hits you but does no damage.
The goblin shoots a sling bullet.
The sling bullet hits you but does no damage.
You hear some strange, mumbled words.
You are more confused.
The goblin shoots a sling bullet.
The sling bullet hits you but does no damage.
Something hits you but does no damage.
The goblin shoots a sling bullet.
The sling bullet hits you but does no damage.
Something hits you but does no damage.
You cannot move. (Use ctrl+direction or * direction to attack without moving.)
You cannot move. (Use ctrl+direction or * direction to attack without moving.)
You cannot move. (Use ctrl+direction or * direction to attack without moving.)
You cannot move. (Use ctrl+direction or * direction to attack without moving.)
You cannot move. (Use ctrl+direction or * direction to attack without moving.)
You cannot move. (Use ctrl+direction or * direction to attack without moving.)
You cannot move. (Use ctrl+direction or * direction to attack without moving.)
You cannot move. (Use ctrl+direction or * direction to attack without moving.) Unknown command.
You cannot move. (Use ctrl+direction or * direction to attack without moving.) Unknown command.
You hear some strange, mumbled words.
You are more confused.
The goblin unwields a +0 hunting sling.
The goblin wields a +0 club.
The goblin hits you but does no damage. Something hits you but does no damage.
You cannot move. (Use ctrl+direction or * direction to attack without moving.)
The goblin hits you with a +0 club.
You die...

..# .### #..######....
## ##.....#..:..# ..
##.............# #.
#................ ..
#...............# .#####
#......g).......##......
#......♣{...........####
#.....†.........# #.....
#.>.....).......# #####.
##........†....# ##..
##.....#†....## #).#
####...###### ####.##
###.### #..<.# #...#
#.#### ###.## ####.#


You could see a goblin.

Vanquished Creatures
  An adder (D:2)
  A worm (D:2)
  2 orcs (D:2)
  A bat (D:2)
  An endoplasm (D:1)
  A giant cockroach (D:1)
  4 goblins
  2 hobgoblins
  2 kobolds
  2 ball pythons (D:1)
  2 frilled lizards
19 creatures vanquished.

Notes
Turn   | Place    | Note
-------+----------+-------------------------------------------
     0 | D:1      | bande the Gargoyle Fighter began the quest for the Orb.
     0 | D:1      | Reached XP level 1. HP: 14/14 MP: 1/1
   212 | D:1      | Found a faded altar of an unknown god.
   502 | D:1      | Reached XP level 2. HP: 19/19 MP: 2/2
  1029 | D:2      | Reached XP level 3. HP: 19/23 MP: 3/3
  1134 | D:2      | HP: 1/34 [goblin/sling bullet (1)]
  1147 | D:2      | Slain by a goblin

Illustrated notes

Levels and vault maps discovered:
D:1:      dpeg_arrival_court, layout_basic,
          shapermc_ecumenical_altar_starsandcircs, minmay_cupped
D:2:      layout_rooms

Skill      XL: |  1  2 |
---------------+-------+-----
Axes           | 2 |  2.2
Fighting       | |  3.6
Armour         | |  3.8
Shields        | |  3.6

Action                   || total
-------------------------++-------
Melee: War axe           ||    44
  Use: Scroll            ||     1
       Potion            ||     3
Armor: Scale mail        ||    27
       Skin              ||    20
Dodge: Dodged            ||    16
Block: Buckler           ||     3

Table legend: (Time is in decaauts)
 A = Elapsed time spent in this place.
 B = Non-inter-level travel time spent in this place.
 C = Inter-level travel time spent in this place.
 D = Time resting spent in this place.
 E = Time spent auto-exploring this place.
 F = Levels seen in this place.
 G = Mean time per level.
                   A        B        C        D        E       F      G
               +--------+--------+--------+--------+--------+-----+--------+
         Total |   1161 |   1131 |     30 |      0 |    989 |   2 |  580.5 |
       Dungeon |   1161 |   1131 |     30 |      0 |    989 |   2 |  580.5 |
               +--------+--------+--------+--------+--------+-----+--------+

Top non-repeatable levels by time:
     D:1: 897 daAuts
     D:2: 263 daAuts
